 Dungeon Crawl Stone Soup version 0.17-a0-1554-g3b847ca (webtiles) character file.

3950 namelastname112 the Skirmisher (level 10, -5/88 HPs)
             Began as a Grey Draconian Skald on July 20, 2015.
             Was a Believer of Okawaru.
             Slain by Grum
             ... wielding a +0 spear
              (17 damage)
             ... on level 8 of the Dungeon.
             The game lasted 00:15:41 (8825 turns).

namelastname112 the Skirmisher (DrSk)               Turns: 8825, Time: 00:15:41

Health: -5/88      AC: 14    Str: 16    XL:     10   Next: 2%
Magic:  13/13      EV: 15    Int: 12    God:    Okawaru [**....]
Gold:   362        SH:  0    Dex: 13    Spells: 1 memorised, 12 levels left

rFire  . . .     SeeInvis .     D - +2 long sword (holy)
rCold  . . .     Clarity  .     (armour unavailable)
rNeg   . . .     SustAt   .     (no shield)
rPois  .         Gourm    .     (helmet restricted)
rElec  .         Spirit   .     i - +0 cloak
rCorr  .         Warding  .     (no gloves)
rMut   .         Stasis   .     p - +0 pair of boots
MR     .....                    (no amulet)
Stlth  +.........               (no ring)
                                G - ring of flight

@: not resistant to hostile enchantments, very unstealthy
A: walk through water, unfitting armour, unbreathing, cold-blooded, AC +12
a: Heroism, Renounce Religion, Evoke Flight


You were on level 8 of the Dungeon.
You worshipped Okawaru.
Okawaru was pleased with you.
You were hungry.

You visited 2 branches of the dungeon, and saw 9 of its levels.
You also visited: Sewer.

You collected 362 gold pieces.

Inventory:

Hand weapons
 u - a +1 dagger of venom
 D - a +2 long sword of holy wrath (weapon)
 J - the +6 glaive of Brutal Revenge {chop, rF+ MP+9 Int+3}
   (You found it on level 6 of the Dungeon)

   It inflicts extra damage upon your enemies.
   It affects your intelligence (+3).
   It protects you from fire.
   It affects your magic capacity (+9).
Missiles
 g - 184 stones (quivered)
 B - 11 sling bullets
 M - a throwing net
Armour
 i - a +0 cloak (worn)
 p - a +0 pair of boots (worn)
Jewellery
 G - a ring of flight (left hand)
Magical devices
 L - a wand of digging (18)
Scrolls
 f - 5 scrolls of identify
 h - 2 scrolls of magic mapping {unknown}
 m - 4 scrolls of fog {unknown}
 n - 2 scrolls of immolation {unknown}
 o - a scroll of random uselessness {unknown}
 q - 2 scrolls of recharging
 r - 5 scrolls of teleportation {unknown}
 t - a scroll of blinking {unknown}
 v - 3 scrolls of amnesia {unknown}
 w - a scroll of fear {unknown}
 y - a scroll of remove curse {unknown}
 C - 2 scrolls of enchant weapon {unknown}
 K - a scroll of noise {unknown}
Potions
 d - 4 potions of haste
 e - a potion of brilliance
 j - a potion of resistance {unknown}
 k - a potion of cancellation {unknown}
 l - 3 potions of degeneration {unknown}
 z - 2 potions of might
 A - 2 potions of magic {unknown}
 E - 2 potions of agility {unknown}
 F - a potion of flight {unknown}
Books
 a - a book of Annihilations

   Spells                             Type                      Level
   a - Poison Arrow                   Conjuration/Poison           6
   b - Chain Lightning                Conjuration/Air              8
   c - Lehudib's Crystal Spear        Conjuration/Earth            8
   d - Glaciate                       Conjuration/Ice              9
   e - Fire Storm                     Conjuration/Fire             9
 b - a book of Battle

   Spells                             Type                      Level
   a - Infusion                       Charms                       1
   b - Shroud of Golubria             Charms/Translocation         2
   c - Song of Slaying                Charms                       2
   d - Spectral Weapon                Hexes/Charms                 3
   e - Regeneration                   Charms/Necromancy            3
 I - a Necronomicon

   Spells                             Type                      Level
   a - Haunt                          Necromancy/Summoning         7
   b - Borgnjor's Revivification      Necromancy                   8
   c - Death's Door                   Charms/Necromancy            8
   d - Necromutation                  Transmutation/Necromancy     8
Comestibles
 c - 6 bread rations
 x - 2 meat rations
 H - 3 fruits
 N - 6 beef jerkies
 O - a chunk of flesh


   Skills:
 + Level 7.9 Fighting
 + Level 6.7 Long Blades
 * Level 7.9 Throwing
 + Level 6.1 Dodging
 - Level 2.0 Spellcasting
 - Level 2.6 Charms


You had 12 spell levels left.
You knew the following spells:

 Your Spells              Type           Power        Failure   Level  Hunger
a - Infusion              Chrm           #.....       12%         1    ##.....


Dungeon Overview and Level Annotations

Branches:
Dungeon (8/15)             Temple (1/1) D:4
   Lair: D:8-11

Altars:
Ashenzari
Cheibriados
Dithmenos
Elyvilon
Fedhas
Gozag
Kikubaaqudgha
Makhleb
Nemelex Xobeh
Okawaru
Qazlal
Ru
Sif Muna
Trog
Vehumet
Xom
Yredelemnul
Zin
Jiyva

Annotations:
D:8 Grum


Innate Abilities, Weirdness & Mutations

You can walk through water.
Your dull iron-grey scales are very hard (AC +12).
Your body does not fit into most forms of armour.
You can survive without breathing.
You are cold-blooded and may be slowed by cold attacks.


Message History

Okawaru accepts your kill.
You have reached level 10!
Grum hits you from afar with a spear!
* * * LOW HITPOINT WARNING * * *
The wolf bites you.
* * * LOW HITPOINT WARNING * * *
The wolf barely misses you. The wolf bites you!
* * * LOW HITPOINT WARNING * * *
Drink which item? (? for menu, Esc to quit)
You feel better. The wolf bites you but does no damage.
Grum hits you but does no damage. The wolf barely misses you.
Read which item? (? for menu, Esc to quit)
As you read the scroll labeled ESHOMN KIRO, it crumbles to dust.
It is a scroll of recharging.
Charge which item? (? for menu, Esc to quit)
Your wand of digging glows for a moment.
The wolf closely misses you. Grum hits you from afar with a spear!
You die...

#...........
#...........
#...........
##H..........
##.#..........
#.K#..........
#g###..%......
#h# ##........
#@## #........
#..# ##.....##
##.# ######
#.########
#........##
########..##
##..# ##
##.###...
#.......


You could see Grum, a hippogriff, a wolf and a kobold.

Vanquished Creatures
  Pikel (D:6)
  Grinder (D:6)
  2 wolves (D:8)
  Edmund (D:6)
  2 phantoms
  2 sky beasts (D:5)
  A black bear (D:6)
  3 ogres
  Blork the orc (D:6)
  6 giant frogs
  2 scorpions (D:4)
  A centaur zombie (D:5)
  7 crimson imps
  7 jellies
  2 orc priests (D:4)
  3 hounds
  2 orc wizards
  Crazy Yiuf (D:5)
  2 giant frog skeletons
  2 gnoll shamans
  A centaur skeleton (D:5)
  4 iguanas
  9 worker ants
  A hound skeleton (D:5)
  5 river rats
  13 adders
  10 gnolls
  A shadow imp (D:7)
  5 oozes
  An adder skeleton (D:5)
  4 worms
  4 giant geckos
  15 orcs
  2 giant cockroaches
  10 hobgoblins
  10 jackals
  11 kobolds
  A quokka (D:3)
  15 ball pythons
  15 bats
  11 giant newts
  13 goblins
  A jackal skeleton (D:5)
  A quokka zombie (D:6)
  38 rats
250 creatures vanquished.

Vanquished Creatures (others)
  A crimson imp (D:6)
  A bat (D:6)
  2 goblins (D:6)
  A hobgoblin (D:6)
  A kobold (D:6)
  A toadstool (D:5)
7 creatures vanquished.

Grand Total: 257 creatures vanquished

Notes
Turn   | Place    | Note
--------------------------------------------------------------
     0 | D:1      | namelastname112 the Draconian Skald began the quest for the Orb.
     0 | D:1      | Reached XP level 1. HP: 17/17 MP: 3/3
   134 | D:1      | Reached skill level 1 in Throwing
   156 | D:1      | Reached XP level 2. HP: 16/25 MP: 5/5
   607 | D:1      | Found a sparkling altar of Nemelex Xobeh.
   897 | D:2      | Reached XP level 3. HP: 16/30 MP: 6/6
  1136 | D:2      | Found a white marble altar of Elyvilon.
  1786 | D:3      | Reached skill level 3 in Fighting
  1791 | D:3      | Reached XP level 4. HP: 36/38 MP: 7/7
  2880 | D:4      | Reached XP level 5. HP: 37/45 MP: 8/8
  3195 | D:4      | Reached skill level 4 in Fighting
  3286 | D:4      | Noticed a phantom
  3321 | D:4      | Found a staircase to the Ecumenical Temple.
  3363 | D:4      | Noticed an ogre
  3389 | D:4      | Killed an ogre
  3389 | D:4      | Reached XP level 6. HP: 37/52 MP: 9/9
  3403 | D:4      | Found a glowing drain.
  3426 | Sewer    | Entered a sewer
  4338 | Sewer    | Your scales start taking on a dull iron-grey colour.
  4338 | Sewer    | Gained mutation: You can survive without breathing. [Grey Draconian growth]
  4338 | Sewer    | Reached XP level 7. HP: 12/60 MP: 10/10
  4631 | D:4      | Reached skill level 5 in Fighting
  4879 | D:4      | Killed a phantom
  5347 | D:5      | Entered Level 5 of the Dungeon
  5438 | D:5      | Reached XP level 8. HP: 31/69 MP: 11/11
  5487 | D:5      | Reached skill level 5 in Throwing
  5498 | D:5      | Noticed Crazy Yiuf
  5515 | D:5      | Reached skill level 5 in Long Blades
  5748 | D:5      | Killed Crazy Yiuf
  6051 | D:5      | Found a burning altar of Makhleb.
  6110 | D:5      | Reached skill level 6 in Fighting
  6487 | D:5      | Found a viscous altar of Jiyva.
  6542 | Temple   | Entered the Ecumenical Temple
  6549 | Temple   | Became a worshipper of Warmaster Okawaru
  6794 | D:6      | Noticed Grinder
  6807 | D:6      | Killed Grinder
  6807 | D:6      | Acquired Okawaru's first power
  6807 | D:6      | Reached skill level 5 in Dodging
  6807 | D:6      | Reached XP level 9. HP: 57/78 MP: 12/12
  6945 | D:6      | Noticed Pikel
  6983 | D:6      | Killed Pikel
  6983 | D:6      | Reached skill level 7 in Fighting
  7105 | D:6      | Noticed Edmund
  7137 | D:6      | Killed Edmund
  7378 | D:6      | Noticed Blork the orc
  7392 | D:6      | Killed Blork the orc
  7398 | D:6      | Got a slimy glaive
  7406 | D:6      | Identified the +6 glaive of Brutal Revenge {chop, rF+ MP+9 Int+3} (You found it on level 6 of the Dungeon)
  8124 | D:7      | Found a glowing silver altar of Zin.
  8201 | D:7      | Found a bloodstained altar of Trog.
  8201 | D:7      | Found a basalt altar of Yredelemnul.
  8202 | D:7      | Found a snail-covered altar of Cheibriados.
  8787 | D:8      | Noticed Grum
  8819 | D:8      | Reached XP level 10. HP: 29/88 MP: 13/13
  8822 | D:8      | HP: 4/88 [wolf[Grum] (11)]
  8825 | D:8      | Slain by Grum

Vault maps used:
D:1:      lemuel_arrival_hallway, corexii_item_surrounded_by_moat,
          nemelex_diamond_rough_becter
D:2:      elyvilon_altar_5
D:3:      first_bread, serial_forest, infiniplex_forest_end_3,
          infiniplex_forest_lined_room_2, infiniplex_forest_end_2,
          infiniplex_forest_corner_2, infiniplex_forest_lined_2,
          infiniplex_forest_clump_small, infiniplex_forest_corner_2,
          serial_park_tiny_2, minmay_misc_feat_cross
D:4:      portal_sewer_entry_a
D:5:      makhleb_grotto_becter, lasty_cornered_adventurer,
          uniq_crazy_yiuf_cottage
D:6:      wad_floor_pattern_untrapped, uniq_pikel, uniq_blork_the_orc,
          uniq_grinder, uniq_edmund
D:7:      gammafunk_temple_overflow_claw, overflow_temple_1_default,
          grunt_ogre_cave
D:8:      uniq_maurice, uniq_grum
Temple:   nicolae_temple_no_exploring_needed
Sewer:    sewer_minmay_w

Action                   |  1- 3 |  4- 6 |  7- 9 | 10-12 || total
-------------------------+-------+-------+-------+-------++-------
Melee: Falchion          |   149 |    36 |    33 |       ||   218
       Dagger            |       |   252 |    97 |       ||   349
       Long sword        |       |       |   439 |       ||   439
 Cast: Infusion          |       |       |     1 |       ||     1
  Use: Potion            |       |     3 |     2 |     1 ||     6
       Scroll            |       |     1 |       |     1 ||     2
 Stab: Sleeping          |     1 |     2 |     2 |       ||     5
       Distracted        |       |     1 |       |       ||     1
  Eat: Chunk             |     3 |     7 |    10 |       ||    20
       Beef jerky        |       |     1 |       |       ||     1
       Meat ration       |       |       |     1 |       ||     1
